 Dungeon Crawl Stone Soup version 0.28.0-1-gb440e238dd (console) character file.

Game seed: 13645864193184006325

1442 Cab the Cleaver (level 8, -3/58 HPs)
             Began as a Demonspawn Fighter on Feb 20, 2022.
             Slain by an ogre (26 damage)
             ... on level 5 of the Dungeon.
             The game lasted 00:15:47 (5115 turns).

Cab the Cleaver (Demonspawn Fighter)                Turns: 5115, Time: 00:15:48

Health: -3/58      AC: 16    Str: 18    XL:     8   Next: 46%
Magic:  8/8        EV:  3    Int: 11    God:
Gold:   312        SH:  8    Dex: 14    Spells: 7/7 levels left

rFire   . . .      SeeInvis +   a - +1 war axe
rCold   . . .      Faith    .   h - +0 kite shield
rNeg    . . .      Spirit   .   t - +0 plate armour
rPois   .          Reflect  .   (helmet restricted)
rElec   .          Harm     .   r - +0 cloak
rCorr   .          Rampage  .   (no gloves)
Will    .....                   (no boots)
Stlth   ..........              (no amulet)
HPRegen 0.19/turn               v - +4 ring of protection
MPRegen 0.11/turn               s - ring of see invisible

@: no status effects
A: antennae 1, thin skeletal structure 1, demonic guardian 1, demonic magic 1
a: no special abilities


You were on level 5 of the Dungeon.
You visited 1 branch of the dungeon, and saw 5 of its levels.

You collected 312 gold pieces.

Inventory:

Hand Weapons
 a - a +1 war axe (weapon)
Armour
 h - a +0 kite shield (worn)
 r - a +0 cloak (worn)
 t - a +0 plate armour (worn)
 x - +0 gold dragon scales
Jewellery
 n - a +6 ring of intelligence
 s - a ring of see invisible (right hand)
 v - a +4 ring of protection (left hand)
Wands
 d - a wand of paralysis (5)
 o - a wand of flame (8)
Scrolls
 e - a scroll of magic mapping
 i - a scroll of fear
 u - 2 scrolls of teleportation
 w - a scroll of blinking
Potions
 b - 2 potions of heal wounds
 c - a potion of lignification
 p - a potion of resistance
 q - 2 potions of cancellation


   Skills:
 - Level 3.0 Fighting
 + Level 9.7 Axes
 - Level 2.6 Armour
 - Level 2.6 Shields
 - Level 1.0 Evocations


You had 7 spell levels left.
You didn't know any spells.
Your spell library contained the following spells:

 Spells                   Type           Power      Damage    Failure   Level
 Corpse Rot               Necr/Air       0%         N/A       100%        2
 Dispel Undead            Necr           0%         3d6       100%        4
 Summon Lightning Spire   Summ/Air       0%         N/A       100%        4
 Alistair's Intoxication  Tmut/Pois      0%         N/A       100%        5
 Borgnjor's Vile Clutch   Necr/Erth      0%         N/A       100%        5
 Death Channel            Necr           0%         N/A       100%        6
 Eringya's Noxious Bog    Tmut/Pois      0%         N/A       100%        6
 Storm Form               Tmut/Air       0%         N/A       100%        7
 Maxwell's Capacitive Co  Air            0%         ∞         100%        8


Dungeon Overview and Level Annotations

Branches:
Dungeon (5/15)             Temple (0/1) D:5

Altars:
Makhleb


Innate Abilities, Weirdness & Mutations

You have a pair of small antennae on your head.
You have a somewhat thin skeletal structure. (Dex +2, Stealth+)
A weak demonic guardian rushes to your aid.
Spells you cast may paralyse adjacent enemies.


Message History

e - a scroll of magic mapping You pick up a book of Decay and begin reading...
You add the spells Corpse Rot, Dispel Undead and Death Channel to your library.
You start removing your armour.
You continue taking off your +0 gold dragon scales. x4
You finish taking off your +0 gold dragon scales.
You start putting on your armour.
You continue putting on your +0 plate armour. x5
You finish putting on your +0 plate armour.
Unknown command.
You now have 299 gold pieces (gained 18).
There is a stone staircase leading up here.
Found 12 stones.
You open the door.
There is an open door here.
There is an open door here.
You now have 312 gold pieces (gained 13).
Found 3 poisoned darts.
There is an open door here.
There is an open door here.
There is an open door here.
An ogre comes into view. It is wielding a +0 giant club.
The ogre shouts!
An ogre is nearby!
The ogre hits you with a +0 giant club!
You slash the ogre!
The ogre is heavily wounded.
The ogre hits you with a +0 giant club!
You are too injured to fight recklessly!
You are too injured to fight recklessly!
You are too injured to fight recklessly!
You are too injured to fight recklessly!
You are too injured to fight recklessly!
You hit the ogre.
The ogre is severely wounded.
The ogre hits you with a +0 giant club.
You hit the ogre.
The ogre is almost dead.
The ogre hits you with a +0 giant club!!
You die...

··▒▒▒▒▒▒▒▒'▒▒▒▒'▒▒∙∙∙∙∙∙▒∙∙∙∙∙∙∙∙
···∙∙∙∙∙∙∙∙∙∙∙∙∙∙▒'▒▒▒▒▒▒∙∙∙∙∙∙∙∙
···∙∙∙∙∙∙∙∙∙∙∙∙∙∙▒∙∙∙∙∙∙▒∙∙∙∙∙▒▒▒
···∙∙∙∙∙∙∙∙∙∙∙∙∙∙'∙∙∙∙∙∙▒∙∙∙∙∙▒∙∙
···∙∙∙∙∙∙∙∙∙∙∙∙∙∙▒∙∙∙∙∙∙▒∙∙∙∙∙▒∙∙
···∙∙∙∙∙∙∙∙∙∙∙∙∙∙▒∙∙∙∙∙∙▒∙∙∙∙∙'∙∙
···∙∙∙∙▒▒▒▒▒∙∙∙∙∙▒∙∙∙∙∙∙▒∙∙∙∙∙▒∙∙
···∙∙∙∙░ ▒∙∙∙(∙▒∙∙∙▒▒■▒∙∙∙∙∙▒∙∙
····∙∙·░ ▒∙∙∙∙@▒▒▒▒▒·∙∙∙∙▒▒▒▒▒'
·······░ ▒∙∙∙∙O'∙∙∙▒∙∙∙∙∙■∙∙∙∙∙
·······░ ▒∙∙∙∙∙▒∙∙∙▒∙∙∙∙∙▒∙∙∙∙∙
·······░ ▒∙∙∙∙∙▒∙∙∙▒∙∙∙∙·▒∙∙∙∙∙
·······░ ▒∙∙∙∙∙▒░▒▒▒·····▒▒▒▒▒▒
░░░░░░░░ ▒▒▒▒▒▒▒ ░░░░░░░


You could see an ogre.

Vanquished Creatures
  A komodo dragon (D:5)
  Grinder (D:4)
  Eustachio (D:4)
  An ice beast (D:5)
  A black bear (D:4)
  A necrophage (D:4)
  A water moccasin zombie (D:5)
  A water moccasin skeleton (D:2)
  A centaur zombie (D:4)
  A hound (D:5)
  3 orc priests
  Ijyb (D:4)
  Jessica (D:2)
  3 iguanas
  2 orc wizards
  A hound skeleton (D:5)
  A gnoll (D:3)
  4 adders
  An ufetubus (D:5)
  2 adder skeletons (D:4)
  2 worms (D:4)
  2 dart slugs
  14 orcs
  4 endoplasms
  5 giant cockroaches
  5 goblins
  3 hobgoblins
  7 jackals (D:2)
  2 quokkas (D:1)
  8 ball pythons
  7 bats
  3 frilled lizards
  6 kobolds
  8 rats
105 creatures vanquished.

Vanquished Creatures (collateral kills)
  An orc (D:4)
  A quokka (D:2)
2 creatures vanquished.

Grand Total: 107 creatures vanquished

Notes
Turn   | Place    | Note
-------+----------+-------------------------------------------
     0 | D:1      | Cab the Demonspawn Fighter began the quest for the Orb.
     0 | D:1      | Reached XP level 1. HP: 18/18 MP: 1/1
   110 | D:1      | Reached skill level 2 in Axes
   296 | D:1      | Gained mutation: You have a pair of small antennae on your
                  | head. [demonic ancestry]
   296 | D:1      | Reached XP level 2. HP: 20/24 MP: 2/2
   555 | D:1      | Reached skill level 3 in Axes
   906 | D:2      | Noticed Jessica
   929 | D:2      | Killed Jessica
   930 | D:2      | Reached XP level 3. HP: 14/29 MP: 3/3
  1161 | D:2      | Reached skill level 4 in Axes
  1161 | D:2      | Gained mutation: A weak demonic guardian rushes to your
                  | aid. [demonic ancestry]
  1161 | D:2      | Reached XP level 4. HP: 17/35 MP: 4/4
  2253 | D:3      | Gained mutation: You have a somewhat thin skeletal
                  | structure. (Dex +2, Stealth+) [demonic ancestry]
  2253 | D:3      | Reached XP level 5. HP: 22/41 MP: 5/5
  2482 | D:3      | Reached skill level 5 in Axes
  3009 | D:4      | Noticed Eustachio
  3019 | D:4      | Killed Eustachio
  3020 | D:4      | Reached skill level 6 in Axes
  3020 | D:4      | Reached XP level 6. HP: 29/47 MP: 6/6
  3392 | D:4      | Noticed Ijyb
  3401 | D:4      | Killed Ijyb
  3404 | D:4      | Reached skill level 7 in Axes
  3404 | D:4      | Gained mutation: Spells you cast may paralyse adjacent
                  | enemies. [demonic ancestry]
  3404 | D:4      | Reached XP level 7. HP: 34/52 MP: 7/7
  3529 | D:4      | Noticed Grinder
  3544 | D:4      | Killed Grinder
  3545 | D:4      | Reached skill level 1 in Evocations
  3652 | D:4      | Reached skill level 8 in Axes
  4192 | D:4      | Found a burning altar of Makhleb.
  4338 | D:5      | Entered Level 5 of the Dungeon
  4468 | D:5      | Reached XP level 8. HP: 39/58 MP: 8/8
  4497 | D:5      | Found a staircase to the Ecumenical Temple.
  4757 | D:5      | Noticed a komodo dragon
  4768 | D:5      | Killed a komodo dragon
  4769 | D:5      | Reached skill level 9 in Axes
  5115 | D:5      | Slain by an ogre

Illustrated notes

Levels and vault maps discovered:
D:1:      scummos_arrival_gate, layout_rooms, minmay_stone_trees_small,
          minmay_circled_x
D:2:      layout_loops_ring, small_statue_intersection, minmay_pentomino_o2,
          uniq_jessica
D:3:      layout_loops_ring, minmay_close_crescents
D:4:      layout_basic, pf_just_have_faith, uniq_grinder, uniq_ijyb,
          uniq_eustachio
D:5:      layout_gridville, temple_statues

Skill      XL: |  1  2  3  4  5  6  7  8 |
---------------+-------------------------+-----
Axes           | 2 3 4 6 7 8 9 |  9.7
Evocations     | 1 |  1.0
Fighting       | |  3.0
Armour         | |  2.6
Shields        | |  2.6

Action                   |  1- 3 |  4- 6 |  7- 9 || total
-------------------------+-------+-------+-------++-------
Melee: War axe           |    89 |   171 |    83 ||   343
Evoke: Wand              |       |     7 |     2 ||     9
  Use: Potion            |       |     2 |       ||     2
       Scroll            |       |       |    15 ||    15
 Stab: Paralysed         |       |       |     8 ||     8
Armor: Scale mail        |    63 |    66 |       ||   129
       Plate armour      |       |    31 |    41 ||    72
       Gold dragon scale |       |       |     4 ||     4
Dodge: Dodged            |    36 |    80 |    15 ||   131
Block: Buckler           |    28 |    51 |     6 ||    85
       Kite shield       |       |       |    22 ||    22
